[Event "*** Titled Tuesday Blitz"]
[Site "Chess.com"]
[Date "2019.05.07"]
[Round "7"]
[White "ilm2034"]
[Black "ruvat"]
[Result "0-1"]
[WhiteElo "2393"]
[BlackElo "2356"]
[TimeControl "180+2"]
[EndTime "14:41:37 PDT"]
[Termination "ruvat won by checkmate"]

1. d4 d6 2. c4 e5 3. d5 Be7 4. Nc3 a5 5. Nf3 Na6 6. g3 f5 7.
Bg2 Nf6 8. O-O O-O 9. e4 Nc5 10. exf5 Bxf5 11. b3 Qd7 12. Be3 b6 13. Re1 Bg4 14.
Qc2 Nxd5 15. Nxd5 Bxf3 16. Bxf3 Rxf3 17. Kg2 Raf8 18. a3 Bd8 19. b4 Ne6 20. b5 Qf7 21.
Rad1 h6 22. Re2 Bg5 23. Rdd2 Bxe3 24. Rxe3 Nd4 25. Qe4 Rxf2+ 26. Rxf2 Qxf2+ 27. Kh3 Qf1+ 28. Qg2 Qf5+ 29. g4 Qg5 30. Qg3 Ne6 31. Rf3 Nf4+ 32.
Nxf4 Rxf4 33. Rxf4 Qxf4 34. Qd3 Kh8 35. Qg6 Qf3+ 36.
Kh4 Qf6+ 37. Qxf6 gxf6 38. Kg3 Kg7 39. Kf3 Kg6 40. h4 f5 41. gxf5+ Kxf5 42. Ke3 e4 43. Kd4 Kf4 44. Kd5 e3 45. Kc6 e2 46. Kxc7 e1=Q 47. Kxb6 Qc3 48. Ka7 Qxc4 49. b6 Qc5 50. Ka6 d5 51. b7 Qc7 52. Ka7 d4 53. Ka8 d3 54.
a4 d2 55. Ka7 d1=Q 56. Ka8 Qdd8+ 57. Ka7 Qb6# 0-1

[Event "*** Titled Tuesday Blitz"]
[Site "Chess.com"]
[Date "2019.05.07"]
[Round "7"]
[White "Fins0905"]
[Black "NeverEverForever1990"]
[Result "1-0"]
[WhiteElo "2672"]
[BlackElo "2437"]
[TimeControl "180+2"]
[EndTime "14:41:40 PDT"]
[Termination "Fins0905 won by checkmate"]

1. d4 Nf6 2. c4 c6 3. Bf4 g6 4. Nc3 Bg7 5. e3 O-O 6. Be2 d5 7. Nf3 Bg4 8. cxd5 Nxd5 9. Bg3 Nd7 10. O-O N7f6 11. h3 Bf5 12. Bh2 Ne4 13. Nxe4 Bxe4 14. Nd2 Nf6 15. Nxe4 Nxe4 16. Qc2 Nf6 17. b4 a6 18. a4 Qd7 19. b5 axb5 20. axb5 Rxa1 21. Rxa1 Nd5 22. bxc6 Qxc6 23. Qxc6 bxc6 24. Rc1 Nb4 25. Rc4 Nd5 26. Rxc6 Ra8 27. Rc1 e6 28. Bf3 Bf8 29.
Bxd5 exd5 30. Bf4 f5 31. Rc7 Rd8 32. Be5 Bd6 33. Rg7+ Kf8 34. Rxh7 Bxe5 35. dxe5 Kg8 36.
Re7 d4 37. exd4 Rxd4 38. g3 Re4 39. f4 Re2 40. Rd7 Kf8 41. Rd3 Kf7 42. Rf3 Ke6 43. Rf2 Re3 44. Kg2 Rb3 45. h4 Rb1 46. Rd2 Rb3 47.
Rd6+ Kf7 48. Rf6+ Kg7 49. h5 gxh5 50. Rxf5 Kg6 51. Rg5+ Kh6 52. e6 Rb2+ 53. Kh3 Re2 54. Re5 Rf2 55. e7 h4 56. e8=Q hxg3 57. Qc6+ Kg7 58.
Re7+ Kf8 59. Qe8# 1-0

[Event "*** Titled Tuesday Blitz"]
[Site "Chess.com"]
[Date "2019.05.07"]
[Round "7"]
[White "Saitama_Hero"]
[Black "2nd_life"]
[Result "0-1"]
[WhiteElo "2237"]
[BlackElo "2435"]
[TimeControl "180+2"]
[EndTime "14:41:45 PDT"]
[Termination "2nd_life won on time"]

1. d4 Nf6 2. c4 e6 3. Nc3 Bb4 4. f3 d5 5. a3 Bxc3+ 6. bxc3 c6 7. e4 dxe4 8. fxe4 e5 9. Nf3 Bg4 10. Bd3 Nbd7 11. O-O O-O 12. h3 Bxf3 13. Qxf3 Re8 14. g4 h6 15. h4 Qe7 16. g5 hxg5 17. hxg5 Nh7 18. Ra2 Ndf8 19. Rh2 Nxg5 20. Qh5 Ngh7 21. Kh1 Rad8 22. Be3 Rd6 23. Rg1 c5 24. Bg5 Qe6 25. Bh6 Qxh6 26. Qxh6 Rxh6 27. Rxh6 cxd4 28. cxd4 exd4 29.
Rd6 Ne6 30. e5 Nhf8 31. Be4 b6 32. Bc6 Rc8 33. Rf1 Rc7 34. Bd5 g6 35. Kg2 Kg7 36. Kf3 Nh7 37. Ke2 Nhg5 38. Kd3 Rc5 39. Rd7 Ra5 40.
Bxe6 Rxa3+ 41. Kd2 Nxe6 42. Rdxf7+ Kh6 43. R7f6 Nc5 44. Rh1+ Kg7 45. Rg1 Ne4+ 46. Kc2 Nxf6 47. exf6+ Kxf6 0-1

[Event "*** Titled Tuesday Blitz"]
[Site "Chess.com"]
[Date "2019.05.07"]
[Round "7"]
[White "Jbd735"]
[Black "nonscitis"]
[Result "0-1"]
[WhiteElo "2476"]
[BlackElo "2575"]
[TimeControl "180+2"]
[EndTime "14:41:47 PDT"]
[Termination "nonscitis won by resignation"]

1. e4 c5 2. Nf3 Nc6 3. d4 cxd4 4. Nxd4 e5 5. Nb5 a6 6. Nd6+ Bxd6 7. Qxd6 Qe7 8. Qd1 Nf6 9. Nc3 d6 10. Bg5 Be6 11. Bd3 O-O 12. O-O h6 13. Bh4 Rac8 14. a3 Rfd8 15. Nd5 Bxd5 16. exd5 Nb8 17. Re1 g5 18. Bg3 Nbd7 19. Qf3 Nc5 20. Bf5 Rc7 21.
c4 Ncd7 22. b3 Nf8 23. h4 Ng6 24. hxg5 hxg5 25. Rac1 Kg7 26. Rc3 b6 27. Qe3 Nf4 28. Rec1 b5 29. f3 N6h5 30. Bf2 Qf6 31. Bg4 Qh6 32.
g3 Ng6 33. Be1 Rh8 34. Qf2 Nhf4 35. Kf1 Qh1+ 36. Qg1 Qxg1+ 37. Kxg1 Ne2+ 38. Kg2 Nxc1 39. Rxc1 bxc4 40. bxc4 Ne7 41. f4 gxf4 42. gxf4 Nxd5 43. fxe5 dxe5 44. Bg3 Nf4+ 45. Kf3 Rd8 46. Bxf4 exf4 47. Kxf4 Rd4+ 48. Kg5 Rdxc4 49. Rh1 R7c5+ 50. Bf5 f6+ 0-1

[Event "*** Titled Tuesday Blitz"]
[Site "Chess.com"]
[Date "2019.05.07"]
[Round "7"]
[White "dsanchez1973"]
[Black "JonasHilwerda"]
[Result "0-1"]
[WhiteElo "2054"]
[BlackElo "2233"]
[TimeControl "180+2"]
[EndTime "14:41:47 PDT"]
[Termination "JonasHilwerda won by resignation"]

1. e4 e5 2. Nf3 Nc6 3. d4 exd4 4.
c3 d5 5. exd5 Qxd5 6. cxd4 Bg4 7.
Be2 Bb4+ 8. Nc3 Bxf3 9. Bxf3 Qc4 10. Bxc6+ Qxc6 11. Qe2+ Ne7 12. O-O O-O 13. a3 Bd6 14.
Be3 Nd5 15. Nxd5 Qxd5 16. Rac1 Rad8 17. Qg4 Kh8 18. Rfd1 c6 19. Bg5 f6 20. Be3 f5 21.
Qh5 Be7 22. g3 Bf6 23. Rc5 Qf7 24. Qxf7 Rxf7 25. Rxf5 Rfd7 26. Kg2 Kg8 27. b3 Bxd4 28.
Bxd4 Rxd4 29. Re1 R4d7 30. Re3 Rf8 31. Rxf8+ Kxf8 32. f4 Kf7 33. h3 Rd1 34. Kf3 Rd4 35. g4 Kf6 36. h4 Rd1 37. g5+ Kf7 38. Kg4 Rg1+ 39. Kf3 Rh1 40. Kg3 Rg1+ 41. Kf3 Rd1 42. Kg4 g6 43. Rc3 Rd4 44. Re3 Rd6 45. a4 Re6 46.
Rd3 Ke7 47. Kf3 Re1 48. Rc3 Ke6 49. Rd3 Rh1 50. Kg3 Rb1 51. Kf3 Kf5 52. Rd7 Rxb3+ 53.
Ke2 Kxf4 54. Rxh7 c5 55. Rg7 Kf5 56. Rf7+ Kg4 57. Rf6 Kh5 58. Kd2 Rb6 59. a5 Rxf6 60. gxf6 Kh6 61. Kc2 Kh7 62. Kc3 Kg8 63. Kc4 b6 64. axb6 axb6 65. Kd5 Kf7 66. Ke5 b5 67. Kd5 c4 0-1

[Event "*** Titled Tuesday Blitz"]
[Site "Chess.com"]
[Date "2019.05.07"]
[Round "7"]
[White "slowdumbb"]
[Black "SoltaniciR"]
[Result "0-1"]
[WhiteElo "2475"]
[BlackElo "2519"]
[TimeControl "180+2"]
[EndTime "14:41:53 PDT"]
[Termination "SoltaniciR won by resignation"]

1. g3 c5 2. Bg2 Nc6 3. Nf3 g6 4. d4 cxd4 5. Nxd4 Bg7 6. c3 Nf6 7. O-O O-O 8. Na3 d5 9. Nxc6 bxc6 10. Be3 e5 11. Bc5 Re8 12. Nc2 a5 13. Re1 Rb8 14.
Ba3 Bf5 15. Ne3 Be6 16. Nc2 Qd7 17. e4 dxe4 18. Bxe4 Nxe4 19. Rxe4 Bd5 20. Ne3 Rbd8 21. Nxd5 cxd5 22. Re1 e4 23. Qd2 Qh3 24. Rad1 d4 25. cxd4 Bxd4 26. Qe2 Qf5 27. Kg2 h5 28. h4 Kh7 29. Rc1 Qd5 30. Kh2 f5 31. Rc7+ Kg8 32.
Rd1 f4 33. Rc5 Qf7 34. Rg5 f3 35. Qc2 Rc8 36. Qa4 Bf6 37. Rd7 Be7 38. Qxe4 Bxg5 39. Qd3 Be7 40. Bxe7 Rxe7 41. Rxe7 Qxe7 42. Qxg6+ Kh8 43.
Qh6+ Qh7 44. Qf6+ Qg7 45. Qxf3 Rf8 46. Qxh5+ Kg8 47. f4 Qxb2+ 48. Kh3 Qf6 49. Qg4+ Qg7 50. Qe6+ Qf7 51. Qa6 Qf5+ 52. Kh2 Rc8 53. Qd6 Rc2+ 54. Kg1 Qc5+ 0-1

[Event "*** Titled Tuesday Blitz"]
[Site "Chess.com"]
[Date "2019.05.07"]
[Round "7"]
[White "platy3"]
[Black "Jospem"]
[Result "1-0"]
[WhiteElo "2791"]
[BlackElo "2894"]
[TimeControl "180+2"]
[EndTime "14:41:54 PDT"]
[Termination "platy3 won by checkmate"]

1. e4 e5 2. Nf3 Nc6 3. Bb5 a6 4. Ba4 Nf6 5. O-O Be7 6. Re1 b5 7. Bb3 d6 8. c3 O-O 9. d3 Bb7 10. Nbd2 Na5 11. Bc2 c5 12. Nf1 Re8 13. Ng3 Bf8 14.
h3 h6 15. Nh2 d5 16. Ng4 dxe4 17. dxe4 Nxg4 18. Qxg4 g6 19. b3 Kh7 20. Be3 Bc8 21. Qf3 Qc7 22. Rad1 Be6 23. h4 Nc6 24. h5 b4 25. Ne2 a5 26. Rd5 bxc3 27. Nxc3 Nd4 28. Qd1 Bg7 29. Bd3 Rad8 30. Rxd8 Rxd8 31. hxg6+ fxg6 32.
Nd5 Qd6 33. Bc4 Rf8 34. Qd2 Qd8 35. Nc3 Bd7 36. f3 g5 37. Rf1 g4 38. fxg4 Rxf1+ 39. Bxf1 Bxg4 40. Nd5 Bh5 41. Qc3 Bg6 42. Qxc5 Bxe4 43.
Nc3 Bg6 44. Qc4 Qh4 45. Bf2 Qg4 46. Kh1 Qh5+ 47. Kg1 Qg4 48. Kh1 Qf5 49. Kg1 Qc2 50. Nd5 Qxa2 51. Ne7 Qc2 52. Qg8# 1-0

[Event "*** Titled Tuesday Blitz"]
[Site "Chess.com"]
[Date "2019.05.07"]
[Round "7"]
[White "AliKa2810"]
[Black "monalize"]
[Result "1-0"]
[WhiteElo "2488"]
[BlackElo "2332"]
[TimeControl "180+2"]
[EndTime "14:41:56 PDT"]
[Termination "AliKa2810 won by resignation"]

1. e4 c5 2. Nf3 d6 3. d4 cxd4 4. Nxd4 Nf6 5. Nc3 a6 6. h4 b5 7. Bd3 Qb6 8. h5 h6 9. f3 Nbd7 10. Be3 Qb7 11. g4 Nc5 12. Qd2 b4 13. Nce2 e6 14.
O-O-O Bd7 15. Ng3 Rc8 16. Kb1 Be7 17. g5 hxg5 18. Bxg5 Na4 19. Nb3 Nc5 20. h6 gxh6 21. Rxh6 Rxh6 22. Bxh6 Nxd3 23. Qxd3 Bb5 24. Qd2 d5 25. Bg5 dxe4 26. Bxf6 Bxf6 27. Nxe4 Be7 28. Rh1 Qd5 29. Qe3 f5 30. Ng5 f4 31. Qxe6 Qxe6 32. Nxe6 Rc4 33. Nd2 Rc6 34. Nxf4 Bg5 35. Re1+ Kf7 36.
Re4 Rf6 37. Nd5 Rf5 38. Rd4 Re5 39. Ne4 Bh6 40. Nxb4 Rh5 41. c4 Bg7 42. Rd1 Bxc4 43. Nd6+ Ke6 44. Nxc4 Rh2 45. Rd2 Rh1+ 46. Kc2 Rf1 47.
Nxa6 Rxf3 48. Nc7+ Ke7 49. a4 Rf4 50. b3 Rh4 51. a5 Rh3 52. Nd5+ Ke6 53. Nf4+ Kf5 54.
Nxh3 Ke4 55. a6 Bd4 56. Ng5+ Kd5 57. a7 1-0

[Event "*** Titled Tuesday Blitz"]
[Site "Chess.com"]
[Date "2019.05.07"]
[Round "7"]
[White "Orest_Vovk"]
[Black "jacky72"]
[Result "0-1"]
[WhiteElo "2453"]
[BlackElo "2640"]
[TimeControl "180+2"]
[EndTime "14:41:57 PDT"]
[Termination "jacky72 won by resignation"]

1. h4 d5 2. h5 h6 3. e4 dxe4 4. Nc3 Nf6 5. Qe2 Bf5 6. Qb5+ Bd7 7. Qxb7 Nc6 8. Bb5 Rb8 9. Qa6 Nb4 10. Bxd7+ Qxd7 11. Qxa7 Rd8 12. Kd1 e5 13. a3 Nc6 14.
Qa4 Bc5 15. Nge2 O-O 16. Nxe4 Nxe4 17. Qxe4 Bxf2 18. d3 f5 19. Qc4+ Kh8 20. Rf1 Bb6 21. Bd2 e4 22. Nf4 Ne5 23. Qe6 exd3 24. Qxe5 dxc2+ 25. Kxc2 Qxd2+ 26. Kb1 Rf6 27. Ka2 Bd4 28. Qe2 Bxb2 29.
Rad1 Bc3+ 30. Rxd2 Rxd2+ 31. Qxd2 Bxd2 32. Ng6+ Kh7 33. Rd1 Rd6 34. Kb3 Kg8 35. Kc2 Bg5 36. Rxd6 cxd6 37. a4 Bd8 38. Kd3 Kf7 39. Kd4 Ba5 40. Kd5 Bb4 41. Nf4 Kf6 42. Ne6 g6 43. hxg6 Kxg6 44.
Nd4 Bc5 45. a5 h5 46. a6 h4 47. Ne6 Ba7 48. Kxd6 Kh5 49. Ke5 Kg4 50. Nf4 Bb8+ 51. Kf6 Kxf4 52. Kg6 Kg4 53. Kf6 Ba7 54. Ke5 f4 55.
Ke4 Bb6 56. Ke5 f3 57. a7 Bxa7 0-1

[Event "*** Titled Tuesday Blitz"]
[Site "Chess.com"]
[Date "2019.05.07"]
[Round "7"]
[White "CarrotsandPizza"]
[Black "Chessdude1987"]
[Result "1-0"]
[WhiteElo "2172"]
[BlackElo "2116"]
[TimeControl "180+2"]
[EndTime "14:41:59 PDT"]
[Termination "CarrotsandPizza won on time"]

1. e4 e6 2. d4 d5 3. Nc3 Nf6 4.
e5 Nfd7 5. f4 c5 6. Nf3 Nc6 7.
Be3 Be7 8. Be2 O-O 9. Qd2 b6 10. Nd1 cxd4 11. Nxd4 Nxd4 12. Bxd4 f6 13. exf6 Bxf6 14.
O-O Nc5 15. Nf2 Bb7 16. Bg4 Bxd4 17. Qxd4 Qd6 18. g3 Rae8 19. Rfe1 Qc6 20. Re2 Ne4 21. Nd3 Qc7 22. Ne5 Ba6 23. Ree1 g5 24. fxg5 Nxg5 25. c3 Ne4 26. Re3 Qg7 27. Rf3 Rxf3 28. Bxf3 Ng5 29.
Bg4 Rf8 30. Re1 Qf6 31. Nd7 Qxd4+ 32. cxd4 Nf3+ 33. Bxf3 Rxf3 34. Kg2 Rf7 35. Ne5 Re7 36.
Nf3 Kg7 37. Rc1 Bd3 38. Ne5 Be4+ 39. Kf2 Kf6 40. Ke3 Kg7 41. Rc8 h6 42. g4 Kf6 43. a4 Kg7 44. b4 Kf6 45. Rg8 Rg7 46.
Ra8 h5 47. gxh5 Rh7 48. h6 Rxh6 49. Rxa7 Rxh2 50. Ng4+ 1-0

[Event "*** Titled Tuesday Blitz"]
[Site "Chess.com"]
[Date "2019.05.07"]
[Round "7"]
[White "Zq1"]
[Black "Tash_Boy"]
[Result "0-1"]
[WhiteElo "2497"]
[BlackElo "2629"]
[TimeControl "180+2"]
[EndTime "14:42:03 PDT"]
[Termination "Tash_Boy won by resignation"]

1. d4 Nf6 2. c4 g6 3. Nc3 Bg7 4. e4 d6 5. Nf3 O-O 6. Be2 Bg4 7. Be3 Nfd7 8. Rc1 c5 9. dxc5 dxc5 10. O-O Nc6 11. b3 Bxf3 12. Bxf3 Nd4 13. Be2 Qa5 14.
Bd2 e6 15. f4 Rfd8 16. e5 Nb8 17. Kh1 Nbc6 18. Rf2 Nf5 19. Qe1 h5 20. Bf1 Ncd4 21. Ne4 Qc7 22. Bc3 Rd7 23. g3 Rad8 24. Bg2 b6 25. Nf6+ Bxf6 26. exf6 Nh6 27. h3 Ndf5 28. Kh2 Rd3 29. Be5 Qd7 30. Rf3 Rxf3 31. Bxf3 Qd2+ 32. Bg2 Ne3 33. Qxd2 Rxd2 34. Rg1 Nhf5 35.
a4 a5 36. Bc7 Nd4 37. Kh1 Ne2 38. Bf3 Nd4 39. Re1 Nef5 40. Bb7 Nc2 41. Rg1 Rd7 42. Bxb6 Rxb7 43. Bxa5 Rxb3 44. Kh2 Ncd4 45. Rd1 Nf3+ 46. Kg2 Ne3+ 47. Kxf3 Nxd1+ 48. Ke4 Nc3+ 49. Ke5 Nxa4 50. Kd6 Rxg3 51. Kc6 Rxh3 52. Kb5 Ra3 0-1

[Event "*** Titled Tuesday Blitz"]
[Site "Chess.com"]
[Date "2019.05.07"]
[Round "7"]
[White "AndrewMcStone"]
[Black "PaulfromSPb"]
[Result "1-0"]
[WhiteElo "2153"]
[BlackElo "2656"]
[TimeControl "180+2"]
[EndTime "14:42:04 PDT"]
[Termination "AndrewMcStone won by checkmate"]

1. d4 a5 2. c4 Ra6 3. Nc3 h5 4. e4 h4 5. Nf3 h3 6. g3 e6 7. Be3 Nf6 8. Ng5 Bb4 9. c5 Ra8 10.
f3 d6 11. cxd6 cxd6 12. Bxh3 Nc6 13. Qb3 a4 14. Qc4 a3 15. Rb1 b5 16. Qxc6+ Bd7 17.
Qb7 axb2 18. Bd2 Rb8 19. Qa7 Ra8 20. Qb7 Rb8 21. Qa7 Rc8 22. Nxb5 Rc1+ 23. Kf2 Rxh1 24. Rxh1 Bxd2 25. Nxd6+ Ke7 26. Ndxf7 Qc8 27. Qa3+ Ke8 28. Nd6+ Kd8 29. Nxc8 Bxg5 30. Qxb2 Bxc8 31. f4 Nxe4+ 32.
Ke3 Rxh3 33. Kxe4 Bf6 34. Qb6+ Ke7 35. Qc7+ Bd7 36. Rb1 Rh5 37. Rb7 Rd5 38. Rb4 Kf7 39.
g4 Kg6 40. g5 Be7 41. Rb7 Ba3 42.
Qxd7 Rxd7 43. Rxd7 Bc1 44. a4 Bd2 45. Ra7 Kh5 46.
Re7 Kg4 47. Rxe6 Bxf4 48. a5 Bxh2 49. a6 Bb8 50. g6 Kg5 51. d5 Kh6 52. d6 Ba7 53. d7 Bb6 54. a7 Bxa7 55. d8=Q Bf2 56. Qh8+ Kg5 57. Qd8+ Kg4 58. Qd5 Bh4 59. Qf5+ Kg3 60.
Qf4+ Kh3 61. Qf3+ Bg3 62. Rd6 Kh4 63. Rd3 Bf4 64. Qxf4+ Kh5 65. Qf5+ Kh4 66. Rh3# 1-0

[Event "*** Titled Tuesday Blitz"]
[Site "Chess.com"]
[Date "2019.05.07"]
[Round "7"]
[White "RzayevB"]
[Black "VSERGUEI"]
[Result "0-1"]
[WhiteElo "2702"]
[BlackElo "2649"]
[TimeControl "180+2"]
[EndTime "14:42:06 PDT"]
[Termination "VSERGUEI won by resignation"]

1. e4 e6 2. b3 d5 3. Bb2 dxe4 4. Nc3 Nf6 5. Qe2 Bd7 6. g4 Bc6 7. Bg2 Nd5 8. Nxd5 Qxd5 9. O-O-O Nd7 10. Kb1 O-O-O 11. Nh3 Bd6 12. Bxg7 Rhg8 13. Bb2 f5 14. gxf5 Rxg2 15. f6 Qf5 16. Qe3 Nxf6 17. Rhg1 Nd5 18. Qh6 Rxh2 19. Rh1 Rxh1 20. Rxh1 e3 21. fxe3 Nc3+ 22.
Bxc3 Bxh1 23. Ng5 Bd5 24. Nxh7 Be4 25. d3 Qxh7 26. Qxe6+ Kb8 27. dxe4 Qe7 28. Qf5 Re8 29. Bd4 b6 30. a4 Qxe4 31. Qb5 Kb7 32. a5 a6 33. Qc4 Qc6 34. Qf7 bxa5 35. Qh5 a4 36. bxa4 Qxa4 37. Kc1 Qb5 38. Qh1+ Qc6 39. Qh5 Ka8 40. Kd2 Rb8 41. Qf5 Bb4+ 42. Kd1 Qb5 43. Qf3+ Qb7 44. Qf6 Ba5 45. Ke2 Bb6 46. Bc3 Re8 47.
Qg6 Rxe3+ 48. Kd2 Qd5+ 49. Kc1 Rxc3 50. Qe8+ Kb7 51. Qe2 Rc6 52. Qf1 Qd6 53. Qf3 Qc5 54. Kb1 Qb5+ 55. Ka2 a5 56. Qe4 Qc4+ 57. Qxc4 Rxc4 0-1

[Event "*** Titled Tuesday Blitz"]
[Site "Chess.com"]
[Date "2019.05.07"]
[Round "7"]
[White "WPWPWP-2015"]
[Black "Karacsonyi_Gellert"]
[Result "0-1"]
[WhiteElo "2375"]
[BlackElo "2551"]
[TimeControl "180+2"]
[EndTime "14:42:18 PDT"]
[Termination "Karacsonyi_Gellert won by resignation"]

1. e4 c5 2. Nf3 Nc6 3. d4 cxd4 4. Nxd4 g6 5. Be3 Nf6 6. Nc3 Bg7 7. Bc4 O-O 8. f3 Qb6 9. Qd2 Nxe4 10. Nxe4 Bxd4 11.
Bxd4 Qxd4 12. Qxd4 Nxd4 13. O-O-O Nc6 14. h4 d6 15. h5 Bd7 16. hxg6 hxg6 17. Ng5 Ne5 18.
Bb3 Kg7 19. Rh7+ Kf6 20. Ne4+ Kf5 21. Rd4 g5 22. Rh6 g4 23. Ng3+ Kg5 24. Rh5+ Kg6 25. Rxe5 dxe5 26. Rxd7 gxf3 27. gxf3 Kg5 28. Ne2 Kf6 29.
Rxb7 Rh8 30. Ng3 Rad8 31. Rb4 Rh3 32. Rg4 e6 33. c4 Rh2 34. Ne4+ Ke7 35. Rg1 Rh3 36.
Rf1 Rd3 37. Nd2 f5 38. c5 Rd7 39. Bc2 a5 40. a3 Rb7 41. Nc4 Rb5 42. Nxe5 Rxc5 43.
Nd3 Rc8 44. Rf2 Kf6 45. Kd2 e5 46. Re2 Rd8 47. Kc3 Rxf3 48. Kc4 e4 49. Nc5 Rf1 50. b4 axb4 51. axb4 Rc1 52. b5 e3 53. b6 Rd2 54.
Kc3 Rcxc2+ 55. Kb4 Rb2+ 56. Nb3 Rxe2 57. b7 Re1 58.
b8=Q Rxb3+ 59. Kxb3 Rb1+ 60. Kc4 Rxb8 61. Kd3 Re8 0-1

[Event "*** Titled Tuesday Blitz"]
[Site "Chess.com"]
[Date "2019.05.07"]
[Round "7"]
[White "RojonR"]
[Black "DenishevM"]
[Result "1/2-1/2"]
[WhiteElo "2429"]
[BlackElo "2592"]
[TimeControl "180+2"]
[EndTime "14:42:33 PDT"]
[Termination "Game drawn by repetition"]

1. e4 c5 2. Nf3 d6 3. d4 cxd4 4. Qxd4 a6 5. Be3 e5 6. Qd2 h6 7. c4 Nf6 8. Nc3 Be7 9. Bd3 Be6 10. h3 O-O 11. O-O Nbd7 12. Rfd1 Rc8 13. Qe2 Qc7 14.
Rac1 Qb8 15. a4 Nc5 16. Bc2 Rfd8 17. b4 Bxc4 18. Qxc4 Ncxe4 19. Qxc8 Rxc8 20. Nxe4 Nxe4 21. Bxe4 b5 22. axb5 axb5 23. Rxc8+ Qxc8 24. Ra1 Qc3 25. Ra8+ Bf8 26. Bd2 Qc4 27. Bb7 g5 28. Rc8 Qb3 29. Bc6 d5 30. Nxe5 Qd1+ 31. Kh2 Qxd2 32. Nd7 Qxb4 33.
Nxf8 Kg7 34. Nd7 Qd6+ 35. Kg1 b4 36. Nb6 b3 37. Nxd5 b2 38. Nc3 Qd2 39. Be4 Qc1+ 40.
Kh2 Qf4+ 41. g3 Qxf2+ 42. Kh1 Qe1+ 43. Kg2 Qd2+ 44. Kf3 f5 45. Bxf5 Kf7 46. Rc7+ Ke8 47. Rc8+ Ke7 48. Kg4 Qd4+ 49. Kh5 Kf6 50. g4 Ke7 51. Rc7+ Kf8 52. Rc8+ Ke7 53. Rc7+ Ke8 54. Rc8+ Ke7 55. Rc7+ Kf8 56. Rc8+ Kf7 57. Rc7+ Kf6 58.
Rc6+ Kf7 59. Rc7+ Kf8 60. Rc8+ Kf7 61. Rc7+ Kf8 62. Rc8+ Kf7 63. Rc7+ 1/2-1/2

[Event "*** Titled Tuesday Blitz"]
[Site "Chess.com"]
[Date "2019.05.07"]
[Round "7"]
[White "Satscho"]
[Black "tteshan"]
[Result "1-0"]
[WhiteElo "2297"]
[BlackElo "2283"]
[TimeControl "180+2"]
[EndTime "14:42:34 PDT"]
[Termination "Satscho won by resignation"]

1. e4 c5 2. Nf3 Nc6 3. Bb5 Nd4 4. Nxd4 cxd4 5. O-O g6 6. Re1 Bg7 7. c3 dxc3 8. dxc3 a6 9. Ba4 b5 10. Bb3 Bb7 11.
Bg5 Qc7 12. Bh4 Nh6 13. Nd2 O-O 14. Bxe7 Rfe8 15. Bh4 a5 16. Bg3 Qb6 17. Bd5 Bxd5 18. exd5 Qc5 19. Ne4 Qb6 20. Nd6 Rxe1+ 21. Qxe1 Bf8 22.
Ne4 Nf5 23. Be5 Bg7 24. Bxg7 Kxg7 25. Ng3 Qf6 26. Rd1 Nd6 27. Ne4 Nxe4 28. Qxe4 Rc8 29. d6 Rc4 30. Qe7 Qf5 31. Re1 Rc5 32. h3 Rd5 33.
Qd8 Rd2 34. Rf1 Rxd6 35. Qxa5 Rd2 36. b4 Rd3 37. a4 Rxc3 38. axb5 Rc8 39. b6 Qe4 40.
Qa1+ Kh6 41. Qa6 Qc6 42. b5 Qc5 43. b7 Rb8 44. Ra1 Qc7 45. b6 Qxb7 46. Qxb7 Rxb7 47.
Rb1 Kg7 48. Kf1 f5 49. Ke2 Kf6 50. Kd3 Ke5 51. Kc4 Kd6 52. Kb5 Rb8 53. Ka6 Kc6 54. Rc1+ Kd5 55. b7 Ke4 56. Ka7 Rxb7+ 57. Kxb7 d5 58.
Kc6 d4 59. Kc5 d3 60. Kc4 1-0

[Event "*** Titled Tuesday Blitz"]
[Site "Chess.com"]
[Date "2019.05.07"]
[Round "7"]
[White "Korchmar_Vasiliy"]
[Black "Sadikhov_Ulvi"]
[Result "1/2-1/2"]
[WhiteElo "2814"]
[BlackElo "2700"]
[TimeControl "180+2"]
[EndTime "14:42:48 PDT"]
[Termination "Game drawn by repetition"]

1. d4 d6 2. e4 Nf6 3. Nc3 e5 4. Nf3 Nbd7 5. Bc4 Be7 6. O-O Nb6 7. Bb3 exd4 8. Qxd4 O-O 9. h3 a5 10. a4 Nfd7 11.
Be3 Nc5 12. Ba2 Bf6 13. Qd2 Be6 14. Bxe6 fxe6 15. Bxc5 dxc5 16. Qe3 Bd4 17. Qe2 Qf6 18. Nxd4 cxd4 19. Nb5 c6 20. e5 Qg5 21. Nxd4 Rae8 22.
Ra3 Nd5 23. Rg3 Qh6 24. Qe4 Rf4 25. Qd3 Ref8 26. c4 Ne7 27. Nf3 Nf5 28. Rg4 Rxg4 29. hxg4 Nh4 30. Nxh4 Qxh4 31. f3 Qg5 32. Qd6 Qe3+ 33.
Kh2 Qh6+ 34. Kg3 Qf4+ 35. Kf2 Qxc4 36. Rd1 Re8 37. Kg3 Qb3 38. Rd4 Qxb2 39. Qd7 Rf8 40. Qxe6+ Kh8 41. Rd7 Qb4 42. Qe7 Qe1+ 43. Kh2 Rg8 44.
Rxb7 c5 45. Rc7 Qe3 46. e6 Qe5+ 47. Kh3 Qe1 48. Rxc5 Qh1+ 49. Kg3 Qg1 50. Qd6 Qe1+ 51. Kh3 Qh1+ 52. Kg3 Qe1+ 53. Kf4 g5+ 54. Kf5 Qb1+ 55.
Ke5 Qe1+ 56. Kd5 Qd2+ 57. Ke5 Qf4+ 58. Kd5 Qd2+ 59. Ke5 Qf4+ 60. Kd5 Qd2+ 61. Ke5 Qf4+ 62. Kd5 Qd2+ 63. Ke5 Qf4+ 64. Kd5 Qd2+ 1/2-1/2

[Event "*** Titled Tuesday Blitz"]
[Site "Chess.com"]
[Date "2019.05.07"]
[Round "7"]
[White "Babas"]
[Black "TheGandhiOfChess"]
[Result "0-1"]
[WhiteElo "2418"]
[BlackElo "2437"]
[TimeControl "180+2"]
[EndTime "14:42:48 PDT"]
[Termination "TheGandhiOfChess won on time"]

1. e4 e5 2. Nf3 Nc6 3. Bc4 Nf6 4.
d3 Be7 5. a4 O-O 6. h3 d6 7. O-O Na5 8. Ba2 c5 9. c3 Nc6 10. Re1 Re8 11. Nbd2 a6 12. Nf1 h6 13. Ng3 Be6 14. Bxe6 fxe6 15. d4 cxd4 16. cxd4 Rc8 17. dxe5 dxe5 18. Qb3 Bc5 19. Be3 Bxe3 20. Rxe3 Nd4 21.
Nxd4 exd4 22. Rd3 Kh8 23. e5 Nd5 24. Rxd4 Qc7 25. Re1 Rf8 26. Rg4 Qc2 27. Qxc2 Rxc2 28. Re2 Rc1+ 29. Kh2 Nf4 30. Rd2 Nd5 31. Ne4 Kh7 32.
Nd6 b6 33. Kg3 h5 34. Rgd4 Kh6 35. f4 Rf1 36. f5 g5 37. f6 Nf4 38. h4 Rg8 39. f7 gxh4+ 40. Kh2 Rf8 41. Rd1 Rxd1 42. Rxd1 Ng6 43. Rf1 Nxe5 44. Rf6+ Kg5 45. Rxe6 Nxf7 46. Nxf7+ Rxf7 47. Rxb6 Rf2 48. b4 Rb2 49. a5 Kg4 50.
Rg6+ Kf5 51. Rb6 Kg4 52. Rb8 h3 53. Rg8+ Kh4 54. Rg6 hxg2 55. Rxa6 Kg4 56. Rg6+ Kf5 57. Rb6 h4 58. a6 h3 0-1

[Event "*** Titled Tuesday Blitz"]
[Site "Chess.com"]
[Date "2019.05.07"]
[Round "7"]
[White "SaraciNderim"]
[Black "GMsKoRPioN"]
[Result "1-0"]
[WhiteElo "2744"]
[BlackElo "2594"]
[TimeControl "180+2"]
[EndTime "14:42:54 PDT"]
[Termination "SaraciNderim won on time"]

1. d4 d6 2. g3 g6 3. Bg2 Bg7 4. Nf3 Nf6 5. O-O O-O 6. c4 Nc6 7. Nc3 e5 8. dxe5 Nxe5 9. Nxe5 dxe5 10. Qxd8 Rxd8 11. Bg5 Rd4 12. Rfd1 c6 13. e3 Rxd1+ 14. Rxd1 Be6 15. b3 Nd7 16. e4 a5 17. Be3 Bf8 18.
Bf1 Be7 19. Na4 Kf8 20. Be2 Ke8 21. Kg2 Bb4 22. h4 Rb8 23. Ba7 Ra8 24. Be3 Rb8 25. c5 Ke7 26. Rc1 Ba3 27. Rc2 f5 28. Bg5+ Kf7 29.
exf5 gxf5 30. Bd2 Bd5+ 31. Bf3 e4 32. Bh5+ Ke6 33. Bxa5 Ra8 34. Be1 Ne5 35. Be2 Rg8 36. Kf1 Ng4 37. Nb6 Ne5 38. Nxd5 cxd5 39. Bc3 Nc6 40. Bb5 Bxc5 41. Bxc6 bxc6 42. Bd2 Bd6 43.
Rxc6 Kd7 44. Ra6 Rc8 45. Ra7+ Ke6 46. Ra6 Kd7 47. Be3 Rc2 48. h5 Be5 49. Ra7+ Ke6 50.
Ra6+ Kd7 51. Ra4 Rc3 52. h6 Rd3 53. Ra7+ Ke6 54. Rxh7 d4 55. Bf4 Bxf4 56. gxf4 Rd1+ 57. Kg2 Rc1 58. Rh8 Kf6 59. Rd8 Kg6 60. Rxd4 Kxh6 61. Rc4 Kh5 62. Rxc1 1-0

[Event "*** Titled Tuesday Blitz"]
[Site "Chess.com"]
[Date "2019.05.07"]
[Round "7"]
[White "Marcus_Harvey"]
[Black "blitzking1729"]
[Result "1-0"]
[WhiteElo "2649"]
[BlackElo "2492"]
[TimeControl "180+2"]
[EndTime "14:43:01 PDT"]
[Termination "Marcus_Harvey won by resignation"]

1. Nf3 f5 2. d4 Nf6 3. g3 g6 4.
Bg2 Bg7 5. O-O O-O 6. c4 d6 7. Nc3 c6 8. b3 Na6 9. Bb2 Qc7 10. Rc1 e5 11. dxe5 dxe5 12. Nb5 Qe7 13. Ba3 Nc5 14. Qd6 Qxd6 15. Nxd6 Nfd7 16. Nxc8 Raxc8 17. b4 Ne6 18. Rfd1 Rfd8 19. e4 fxe4 20. Nd2 Bh6 21. Rb1 e3 22. fxe3 Bxe3+ 23. Kh1 Bxd2 24. Rxd2 Nb6 25.
Bh3 Rxd2 26. Bxe6+ Kg7 27. c5 Re8 28. cxb6 Rxe6 29.
bxa7 Re8 30. Bb2 Rdd8 31. Re1 Kf6 32. Bc1 Ra8 33. Be3 Ke6 34. Rd1 Red8 35. Re1 Rd3 36. a4 Kd5 37. Bb6 e4 38. Kg2 Rb3 39. Rd1+ Ke6 40. Rd8 Rxa7 41. Bxa7 Rxb4 42. a5 Ra4 43. Bb6 Ra2+ 44. Kf1 Rxh2 45. Rb8 Kf5 46. Rxb7 Ra2 47. Rxh7 Kg4 48. Rg7 Kf3 49. Ke1 e3 50. Rf7+ Kxg3 51. Re7 Kf4 52. Bxe3+ Kf3 53. Bb6 g5 54. Kd1 g4 55. Kc1 g3 56. Kb1 Ra4 57. Rf7+ Ke2 58. Rg7 Kf3 59. Kb2 g2 60. Kb3 Ra1 61.
Kb4 c5+ 62. Bxc5 Rb1+ 63. Kc4 Rc1+ 64. Kb5 Rb1+ 65. Kc6 Ra1 66. Bb6 Rc1+ 67. Kb7 Ra1 68. a6 Ke4 69. a7 g1=Q 70. Rxg1 Rxa7+ 1-0